 Dungeon Crawl Stone Soup version 0.30-a0-297-g0ec75d9ef4 (webtiles) character file.

Game seed: 8409480942133896657

91 Sobieck the Sneak (level 4, -2/28 HPs)
             Began as a Kobold Brigand on Oct 19, 2022.
             Slain by an orc
             ... wielding a +0 flail
              (5 damage)
             ... on level 3 of the Dungeon.
             The game lasted 00:03:22 (1843 turns).

Sobieck the Sneak (Kobold Brigand)                  Turns: 1843, Time: 00:03:22

Health: -2/28      AC:  3    Str:  8    XL:     4   Next: 87%
Magic:  4/4        EV: 15    Int: 18    God:
Gold:   105        SH:  0    Dex: 18    Spells: 3/3 levels left

rFire   . . .      SeeInvis .    t - +0 short sword (elec) {short}
rCold   . . .      Faith    .    (no shield)
rNeg    . . .      Spirit   .    b - +0 robe
rPois   .          Reflect  .    (no helmet)
rElec   .          Harm     .    c - +0 cloak
rCorr   .          Rampage  .    (no gloves)
Will    +....                    (no boots)
Stlth   ++++......               (no amulet)
HPRegen 0.24/turn                l - +6 ring of intelligence
MPRegen 0.09/turn                u - ring of willpower

@: no status effects
A: small, no large weapons, nightstalker 3
a: no special abilities


You were on level 3 of the Dungeon.
You visited 1 branch of the dungeon, and saw 3 of its levels.

You collected 105 gold pieces.


Innate Abilities, Weirdness & Mutations

You are small and have problems with some larger weapons.
You are completely attuned to the shadows.


   Skills:
 + Level 3.0 Fighting
 + Level 3.6 Short Blades
 + Level 2.9 Throwing
 + Level 2.5 Dodging
 + Level 5.9 Stealth


You had 3 spell levels left.
You didn't know any spells.
Your spell library contained the following spells:

 Spells                   Type           Power      Damage    Failure   Level
 Static Discharge         Conj/Air       0%         2-2/arc   32%         2
 Vhi's Electric Charge    Tloc/Air       0%         N/A       54%         3
 Summon Lightning Spire   Summ/Air       0%         N/A       91%         4
 Arcjolt                  Conj/Air       0%         1d10      99%         5
 Lightning Bolt           Conj/Air       0%         1d11      99%         5
 Storm Form               Tmut/Air       0%         N/A       100%        7
 Maxwell's Capacitive Co  Air            0%         ∞         100%        8

Inventory:

Hand Weapons
 a - a +2 dagger {short}
 t - a +0 short sword of electrocution (weapon) {short}
   (You found it on level 2 of the Dungeon)
Missiles
 d - 15 poisoned darts (quivered) {throwing}
 e - 3 curare-tipped darts {=fthrowing}
 p - 9 stones {throwing}
Armour
 b - a +0 robe (worn)
 c - a +0 cloak (worn)
 f - a +0 leather armour
   (You found it on level 1 of the Dungeon)
 j - a +0 robe
   (You found it on level 1 of the Dungeon)
 k - a +0 chain mail
   (You found it on level 1 of the Dungeon)
 m - a +0 robe
   (You found it on level 2 of the Dungeon)
 s - a +0 scale mail
   (You found it on level 2 of the Dungeon)
 y - a +2 robe of the Archmagi
   (You took it off an orc wizard on level 3 of the Dungeon)
Jewellery
 l - a +6 ring of intelligence (left hand)
   (You found it on level 1 of the Dungeon)
 u - a ring of willpower (right hand)
   (You found it on level 3 of the Dungeon)
Scrolls
 g - 2 scrolls of teleportation {unknown}
 h - a scroll of immolation {unknown}
 i - 2 scrolls of blinking {unknown}
 q - 2 scrolls of fog {unknown}
 w - a scroll of enchant armour {unknown}
Potions
 n - a potion of resistance {unknown}
 o - 3 potions of curing {unknown}
 r - 2 potions of mutation {unknown}
 v - a potion of brilliance {unknown}
 x - 2 potions of heal wounds {unknown}
 z - a potion of might {unknown}

Dungeon Overview and Level Annotations

Branches:
Dungeon (3/15) Zot: 16171

Altars:
Yredelemnul

#....## #.# #.# #.#
...#.†####.##### #.# #.#
#####.#...))....# #.# #.#
#..####.###.# #.# #.#########
##'## #.# #.# #.#
##.........###..†## #.###.###.#
##...######.##.....###.........#
#......####.#....o..#####...####
#........##.....@o...####.#.###
.....................'....#...#
##.......##..........##.####..#
###.#.#.##.#.......###...#.#.##
#........##.....## ###..###.#
###...######...## #...#.## #.###
##'## ####.## #.# #.# #.# #.#


You could see an orc priest and an orc.


Message History

Unknown command.
Things that are here:
a +0 dagger {short}; a +2 robe of the Archmagi; an orc corpse Unknown command.
You hit the orc. The orc barely misses you.
You hit the orc.
You kill the orc!
Your Fighting skill increases to level 3!
Things that are here:
a +0 flail {mace}; an orc corpse A hobgoblin comes into view.
Things that are here:
a +0 flail {mace}; an orc corpse Danger!
No target in view!
No target in view!
Danger!
The hobgoblin shouts!
You hit the hobgoblin.
Lightning courses through the hobgoblin!!
You kill the hobgoblin!
No target in view!
No target in view!
You now have 90 gold pieces (gained 11).
You see here a hobgoblin corpse.
Unknown command.
You see here a hobgoblin corpse.
Unknown command.
Things that are here:
a +0 flail {mace}; an orc corpse
y - a +2 robe of the Archmagi
Things that are here:
a +0 dagger {short}; an orc corpse Unknown command.
Things that are here:
a +0 flail {mace}; an orc corpse You see here a hobgoblin corpse.
z - a glowing black potion Unknown command.
There is an open door here.
You see here a bat corpse.
You now have 105 gold pieces (gained 15).
An adder is nearby!
Danger!
The adder bites you.
You are poisoned.
The adder poisons you! The adder barely misses you.
You closely miss the adder.
You feel sick. The adder closely misses you.
You hit the adder but do no damage. Lightning courses through the adder!!
You kill the adder!
You feel sick.
No target in view!
No target in view!
Unknown command.
Search for what [? for help]? robe Unknown command.
Unknown command.
You feel sick.
You feel sick.
You feel sick.
You are no longer poisoned.
An orc priest comes into view. It is wielding a +0 dagger.
The orc priest moves out of view.
The orc priest shouts!
An orc comes into view.
It is wielding a +0 flail and wearing a +1 leather armour of willpower.
Danger!
The orc priest invokes the aid of Beogh against you.
You resist with some effort.
The orc shouts!
The orc priest completely misses you.
Unknown command.
You closely miss the orc priest. The orc priest barely misses you.
The orc hits you with a +0 flail.
Unknown command.
You hit the orc priest but do no damage.
You hit the orc priest. The orc priest closely misses you.
The orc barely misses you.
Unknown command.
You hit the orc priest but do no damage.
The orc priest barely misses you. The orc hits you with a +0 flail.
You barely miss the orc priest.
The orc priest hits you but does no damage.
The orc hits you with a +0 flail.
Unknown command.
You hit the orc priest but do no damage.
The orc priest barely misses you. The orc barely misses you.
Unknown command.
You barely miss the orc priest.
You hit the orc priest but do no damage.
The orc priest hits you with a +0 dagger.
The orc hits you with a +0 flail.
* * * LOW HITPOINT WARNING * * *
Unknown command.
You hit the orc priest but do no damage.
The orc priest barely misses you. The orc completely misses you.
You completely miss the orc priest.
The orc priest mumbles some strange prayers to Beogh against you.
Beogh smites you!
* * * LOW HITPOINT WARNING * * *
The orc hits you with a +0 flail.
You die...

Skill      XL: |  1  2  3  4 |
---------------+-------------+-----
Short Blades   | 3 |  3.6
Dodging        | 2 |  2.5
Fighting       | 3 |  3.0
Throwing       | |  2.9
Stealth        | |  5.9

Action                   |  1- 3 |  4- 6 || total
-------------------------+-------+-------++-------
Melee: Dagger            |    34 |       ||    34
       Short sword       |    23 |    22 ||    45
       Punch             |       |     1 ||     1
 Stab: Sleeping          |    26 |     1 ||    27
Armor: Robe              |     6 |     3 ||     9
Dodge: Dodged            |    21 |    15 ||    36

Levels and vault maps discovered:
D:1:      shiori_arrival_maze, layout_rooms
D:2:      layout_loops_cross, item_on_display_a
D:3:      layout_loops_corners, nicolae_overflow_hidden_temple

Notes
Turn   | Place    | Note
-------+----------+-------------------------------------------
     0 | D:1      | Sobieck the Kobold Brigand began the quest for the Orb.
     0 | D:1      | Reached XP level 1. HP: 12/12 MP: 1/1
   112 | D:1      | Reached XP level 2. HP: 18/18 MP: 2/2
   296 | D:1      | Reached skill level 3 in Short Blades
   558 | D:2      | Reached XP level 3. HP: 22/22 MP: 3/3
   668 | D:2      | Reached skill level 2 in Dodging
   959 | D:2      | You pick up a book of Lightning and begin reading...
   959 | D:2      | You add the spells Static Discharge, Vhi's Electric Charge,
                  | Lightning Bolt and Arcjolt to your library.
  1564 | D:3      | Found a basalt altar of Yredelemnul.
  1571 | D:3      | Reached XP level 4. HP: 26/27 MP: 4/4
  1650 | D:3      | You pick up a book of the Sky and begin reading...
  1650 | D:3      | You add the spells Summon Lightning Spire, Storm Form and
                  | Maxwell's Capacitive Coupling to your library.
  1713 | D:3      | Identified a +2 robe of the Archmagi
  1733 | D:3      | Reached skill level 3 in Fighting
  1843 | D:3      | HP: 3/28 [orc priest/divine providence (12)]
  1843 | D:3      | Slain by an orc

Vanquished Creatures
  An orc wizard (D:3)
  2 adders
  A dart slug (D:3)
  An orc (D:3)
  3 ball pythons (D:1)
  5 endoplasms
  2 goblins
  7 hobgoblins
  3 jackals (D:3)
  3 kobolds
  A quokka (D:1)
  4 bats
  4 frilled lizards
  4 rats
41 creatures vanquished.

Table legend:
 A = Non-vault XP
 B = Vault XP
 C = Vault XP percentage of total XP
 D = Non-vault monster count
 E = Vault monster count
 F = Vault count percentage of total count
                 A         B        C        D         E       F
            +---------+---------+-------+---------+---------+-------
      Total |     127 |       3 |   2.3 |      39 |       2 |   4.9
            +---------+---------+-------+---------+---------+-------
        D:1 |      25 |       3 |  10.7 |      16 |       2 |  11.1
        D:2 |      24 |       0 |   0.0 |       7 |       0 |   0.0
        D:3 |      78 |       0 |   0.0 |      16 |       0 |   0.0
            +---------+---------+-------+---------+---------+-------

Illustrated notes

Table legend:
 A = Kills in this place as a percentage of kills in entire the game.
 B = Kills by you in this place as a percentage of kills by you in the entire game.
 C = Kills by friends in this place as a percentage of kills by friends in the entire game.
 D = Other kills in this place as a percentage of other kills in the entire game.
 E = Experience gained in this place as a percentage of experience gained in the entire game.
 F = Experience gained in this place divided by the number of levels of this place that you have seen.
                   A       B       C       D       E      F
               +-------+-------+-------+-------+-------+----------------------
         Total | 100.0 | 100.0 |   N/A |   N/A | 100.0 |  43.3
       Dungeon | 100.0 | 100.0 |   N/A |   N/A | 100.0 |  43.3
               +-------+-------+-------+-------+-------+----------------------

Table legend: (Time is in decaauts)
 A = Elapsed time spent in this place.
 B = Non-inter-level travel time spent in this place.
 C = Inter-level travel time spent in this place.
 D = Time resting spent in this place.
 E = Time spent auto-exploring this place.
 F = Levels seen in this place.
 G = Mean time per level.
                   A        B        C        D        E       F      G
               +--------+--------+--------+--------+--------+-----+--------+
         Total |   1828 |   1786 |     42 |      3 |   1530 |   3 |  609.3 |
       Dungeon |   1828 |   1786 |     42 |      3 |   1530 |   3 |  609.3 |
               +--------+--------+--------+--------+--------+-----+--------+

Top non-repeatable levels by time:
     D:2: 673 daAuts
     D:3: 603 daAuts
     D:1: 551 daAuts
